 Dungeon Crawl Stone Soup version 0.31-a0-102-g33a4ccc0cb (webtiles) character file.

Game seed: 605829088478893083

147311 frimble the Fighter (level 17, -10/107 HPs)
             Began as an Octopode Warper on May 26, 2023.
             Was the Champion of Cheibriados.
             Mangled by a great orb of eyes (11 damage)
             ... while paralysed by a great orb of eyes
             ... on level 4 of the Abyss.
             The game lasted 00:56:31 (33184 turns).

frimble the Fighter (Octopode Warper)              Turns: 33184, Time: 00:56:31

Health: -10/107    AC:  1    Str: 25    XL:     17   Next: 46%
Magic:  19/29      EV:  2    Int: 35    God:    Cheibriados [******]
Gold:   205        SH:  0    Dex: 36    Spells: 9/32 levels left

rFire   + . .        C - +4 scimitar (flame)
rCold   + . .        G - +1 buckler
rNeg    . . .        (helmet restricted)
rPois   +            j - amulet of reflection
rElec   .            n - ring of poison resistance
rCorr   .            w - ring of wizardry
SInv    .            J - ring of protection from cold
Will    +....        I - ring of flight
Stlth   +++          K - +6 ring of dexterity
HPRegen 0.37/turn    o - ring of Nuferif {Wiz rF+ Dex+2}
MPRegen 0.21/turn    O - +5 ring of evasion
                     N - +4 ring of slaying

%: reflection, wizardry (x2)
@: confused, paralysed, flying, unable to drink, very slow
A: almost no armour, amphibious, 8 rings, camouflage 1, gelatinous body 1,
(nimble swimmer 1), tentacles, antennae 1, agile 1, frail 1, wild magic 1,
[clumsy 2], [inability to drink after injury 2]
a: Renounce Religion, Bend Time, Temporal Distortion, Slouch, Step From Time


You were on level 4 of the Abyss.
You worshipped Cheibriados.
Cheibriados was exalted by your worship.
You visited 6 branches of the dungeon, and saw 27 of its levels.
You visited the Abyss 1 time.
You also visited: Sewer.

You collected 2493 gold pieces.
You spent 2288 gold pieces at shops.

Inventory:

Hand Weapons
 a - a +3 dagger of draining
 b - a +0 rapier of freezing
 C - a +4 scimitar of flaming (weapon)
Missiles
 c - 8 boomerangs of dispersal
 g - 15 boomerangs
Armour
 D - a +2 kite shield of poison resistance
 G - a +1 buckler (worn)
Jewellery
 j - an amulet of reflection (around mantle)
 n - a ring of poison resistance (left tentacle)
 o - the ring of Nuferif (on tentacle) {Wiz rF+ Dex+2}
   (You bought it in a shop on level 11 of the Dungeon)

   [ring of wizardry]

   It improves your spell success rate.
   Dex:       It affects your dexterity (+2).
   rF:        It protects you from fire.
 q - an amulet of the acrobat
 w - a ring of wizardry (right tentacle)
 I - a ring of flight (on tentacle)
 J - a ring of protection from cold (on tentacle)
 K - a +6 ring of dexterity (on tentacle)
 N - a +4 ring of slaying (on tentacle)
 O - a +5 ring of evasion (on tentacle)
Wands
 f - a wand of flame (7)
 s - a wand of acid (10)
 v - a wand of digging (4)
 E - a wand of paralysis (5)
Scrolls
 d - 2 scrolls of poison
 e - 8 scrolls of teleportation
 k - 5 scrolls of magic mapping
 l - 7 scrolls of brand weapon
 t - 2 scrolls of fog
 u - a scroll of silence
 y - 3 scrolls of enchant weapon
 z - 2 scrolls of enchant armour
 F - 12 scrolls of identify
 H - 2 scrolls of amnesia
 L - a scroll of blinking
Potions
 h - a potion of resistance
 i - a potion of attraction
 m - a potion of curing
 p - 5 potions of haste
 x - a potion of ambrosia
 A - 3 potions of enlightenment
 B - 3 potions of magic
 M - a potion of brilliance
Miscellaneous
 r - a condenser vane


   Skills:
 - Level 12.0 Fighting
 - Level 11.4(13.1) Short Blades
 + Level 10.4(12.6) Long Blades
 - Level 1.2 Throwing
 - Level 10.5 Dodging
 - Level 9.6 Stealth
 + Level 7.6 Shields
 + Level 8.2 Spellcasting
 - Level 5.0 Translocations
 + Level 9.9 Transmutations
 + Level 11.5 Earth Magic
 - Level 7.2 Poison Magic
 + Level 8.7 Invocations
 - Level 5.3 Evocations


You had 9 spell levels left.
You knew the following spells:

 Your Spells              Type           Power      Damage    Failure   Level
a - Blink                 Tloc           100%       N/A       1%          2
b - Passwall              Tmut/Erth      68%        N/A       1%          2
c - Lee's Rapid Deconstr  Erth           44%        3d21*     1%          5
d - Passage of Golubria   Tloc           59%        N/A       1%          4
e - Statue Form           Tmut/Erth      54%        N/A       4%          6
f - Olgreb's Toxic Radia  Pois           71%        N/A       1%          4

Your spell library contained the following spells:

 Spells                   Type           Power      Damage    Failure   Level
 Sting                    Tmut/Pois      100%       1d8       1%          1
 Cigotuvi's Dreadful Rot  Necr/Pois/Air  56%        N/A       1%          2
 Lesser Beckoning         Tloc           100%       N/A       1%          2
 Poisonous Vapours        Pois/Air       84%        N/A       1%          2
 Wereblood                Tmut           83%        N/A       1%          2
 Ignite Poison            Fire/Tmut/Pois 55%        N/A       1%          3
 Teleport Other           Tloc           59%        N/A       1%          3
 Manifold Assault         Tloc           59%        N/A       1%          4
 Shock                    Conj/Air       36%        1d5       2%          1
 Sublimation of Blood     Necr           18%        N/A       2%          2
 Vhi's Electric Charge    Tloc/Air       64%        N/A       2%          3
 Volatile Blastmotes      Fire/Tloc      64%        2d15      2%          3
 Leda's Liquefaction      Hex/Erth       28%        N/A       2%          4
 Ensorcelled Hibernation  Hex/Ice        18%        N/A       3%          2
 Static Discharge         Conj/Air       18%        2-3/arc   3%          2
 Swiftness                Air            18%        N/A       4%          3
 Iskenderun's Mystic Bla  Conj/Tloc      32%        2d8       7%          4
 Irradiate                Conj/Tmut      26%        3d20      7%          5
 Airstrike                Air            9%         2d(2-18)  13%         4
 Fulminant Prism          Conj/Hex       4%         3d5       17%         4
 Leda's Unmaking          Conj/Erth      28%        9d5       24%         6
 Arcjolt                  Conj/Air       4%         1d14      41%         5
 Silence                  Hex/Air        4%         N/A       41%         5
 Freezing Cloud           Conj/Ice/Air   3%         6-21      45%         5
 Plasma Beam              Fire/Air       4%         2x1d16    89%         6
 Summon Hydra             Summ           9%         N/A       99%         7
 Spellforged Servitor     Conj/Summ      4%         N/A       100%        7
 Lehudib's Crystal Spear  Conj/Erth      28%        10d8      100%        8


Dungeon Overview and Level Annotations

Branches:
Dungeon (15/15)            Temple (1/1) D:4            Lair (5/5) D:11
 Shoals (0/4) Lair:3        Snake (3/4) Lair:3          Orc (2/2) D:12
    Elf (1/3) Orc:2        Vaults (0/5) D:14         Depths (0/4) D:15
  Sewer (visited)
  Slime: Lair:4-5

Altars:
Ashenzari
Cheibriados
Dithmenos
Elyvilon
Fedhas
Gozag
Hepliaklqana
Kikubaaqudgha
Makhleb
Nemelex Xobeh
Okawaru
Qazlal
Ru
Sif Muna
Trog
Uskayaw
Vehumet
Wu Jian
Xom
Yredelemnul
Zin
The Shining One
Jiyva
Lugonu

Shops:
D:4 [   D:11 (:(=   Orc:2 (**:

Portals:
Abyss: Lair:5

Annotations:
D:12 4 transporters, pokeman's ghost, journeyman DEHW
Lair:1 exclusion: oklob plant
Lair:4 exclusion: oklob plant
Snake:2 Roxanne


Innate Abilities, Weirdness & Mutations

You cannot wear most types of armour.
You are amphibious.
You can wear up to eight rings at the same time.
Your skin changes colour to match your surroundings (Stealth+).
Your rubbery body absorbs attacks. (AC +1, EV +1)
((You are camouflaged when in or above water. (Stealth+)))
You have tentacles for arms and can constrict up to eight enemies at once.
You have a pair of small antennae on your head.
You are agile. (Dex +4, Str/Int -1)
You are frail. (-10% HP)
Your spells are a little harder to cast, but a little more powerful.
[You are very clumsy. (Dex -4)]
[You sometimes lose the ability to drink potions when taking damage.]


Message History

* * * LOW HITPOINT WARNING * * *
You slice the great orb of eyes!! You burn the great orb of eyes.
You squeeze the great orb of eyes.
The great orb of eyes is almost dead.
You block the great orb of eyes's attack.
You hit the great orb of eyes but do no damage.
You squeeze the great orb of eyes, but do no damage.
The great orb of eyes is almost dead.
The great orb of eyes gazes at you.
You are confused.
You bump into the stone wall.
The great orb of eyes completely misses you.
The great orb of eyes gazes at you.
You are more confused.
You cannot drink potions in your current state!
Unknown command.
You revert to your normal fleshy form.
The great orb of eyes completely misses you.
The great orb of eyes barely misses you.
The great orb of eyes bites you!
* * * LOW HITPOINT WARNING * * *
You hear a bellow!
You hear a roar!
The great orb of eyes misses you. The ynoxinul gestures at you.
The entropic shot misses you.
A rakshasa comes into view. It is wielding a +0 whip.
The great orb of eyes gazes at you. You resist with some effort.
You bump into the stone wall.
The great orb of eyes bites you.
* * * LOW HITPOINT WARNING * * *
The ynoxinul misses you.
You bump into the stone wall.
The great orb of eyes gazes at you.
You suddenly lose the ability to move!
A smoke demon comes into view.
The great orb of eyes bites you!
* * * LOW HITPOINT WARNING * * *
The great orb of eyes bites you!
You die...

...# #. ...
#.##.#...
.#
##.#.#...
.. .
#....... .
.......## #
#.....# ##
## #G.#.
##. # # #
##@#{###.
.#..## #
##R3.#.#..
#. ..
###...###.#
.. #.○#....
### # #....
.#. # #
..##....#
.... #. ..#
.### ....
.. . . ##
#...


You could see a great orb of eyes, a rakshasa and a smoke demon.

Vanquished Creatures
  A sphinx (shapeshifter) (Lair:5)
  A tentacled starspawn (Abyss:4)
  2 nagarajas
  Louise (D:15)
  Aizul (Snake:1)
  A shard shrike simulacrum (Abyss:4)
  A lorocyproca (Abyss:4)
  A blizzard demon (Abyss:4)
  A fire dragon (D:15)
  4 hydras
  A salamander tyrant (Snake:2)
  An ice dragon (D:15)
  6 ogre magi
  5 vault guards (D:14)
  The ghost of Zedil the Slicer, a journeyman VSBr of Ru (D:13)
  6 centaur warriors
  2 catoblepae
  8 anacondas
  21 two-headed ogres
  7 naga warriors
  2 tengu warriors
  6 boulder beetles
  4 thrashing horrors (Lair:5)
  4 death yaks
  6 naga sharpshooters
  4 shock serpents
  2 orc high priests
  A deep elf knight (D:14)
  A wretched star (Abyss:4)
  4 skysharks
  A goliath frog (shapeshifter) (Lair:5)
  5 naga ritualists
  A deep elf archer (Elf:1)
  An orc sorcerer (D:14)
  2 orc knights (Orc:1)
  6 cyclopes
  A wolf spider (Lair:2)
  20 ugly things
  8 mana vipers
  8 salamanders
  2 manticores
  20 black mambas
  8 cane toads
  11 naga magi
  18 elephants
  6 guardian serpents
  A molten gargoyle (Lair:3)
  2 torpor snails
  3 gargoyles
  Psyche (D:12)
  2 smoke demons (Lair:5)
  A rime drake (Lair:3)
  An efreet (D:13)
  An unseen horror (D:12)
  A kobold demonologist (D:12)
  4 komodo dragons
  An unseen horror (shapeshifter) (Lair:5)
  A polar bear (Lair:3)
  2 tengu conjurers (D:14)
  3 ancient zymes
  8 trolls
  A hornet (D:9)
  A raiju (Abyss:4)
  Grinder (D:3)
  A snapping turtle (Lair:3)
  35 blink frogs
  A water elemental (D:12)
  A wraith (D:11)
  3 ynoxinuls (Lair:5)
  49 yaks
  A shadow (D:10)
  A large abomination (Lair:5)
  A stone giant simulacrum (Abyss:4)
  4 wyverns
  8 small abominations (Lair:5)
  Eustachio (D:6)
  2 steam dragons
  5 basilisks
  6 vampire mosquitoes
  4 wargs
  19 nagas
  9 water moccasins
  An acid dragon (D:11)
  3 sky beasts
  2 black bears
  24 orc warriors
  An ice beast (D:5)
  13 wolves
  A tengu (D:6)
  39 ogres
  8 centaurs
  3 kobold brigands
  A phantom (D:5)
  6 bullfrogs
  2 scorpions
  A gnoll sergeant (D:8)
  An earth elemental (Elf:1)
  A water moccasin skeleton (D:5)
  19 killer bees
  An electric eel (D:12)
  The ghost of bande the Covered, a weakling GrFi (D:3)
  3 gnoll boudas
  10 orc priests
  6 hounds
  3 jellies
  A centaur skeleton (D:5)
  3 sleepcaps
  Natasha (twice) (D:4)
  4 iguanas
  A scorpion zombie (D:5)
  30 orc wizards
  A hell rat (Sewer)
  2 hound skeletons (D:5)
  2 hound zombies (D:5)
  A mummy (D:7)
  21 gnolls
  8 adders
  6 river rats
  A white imp (D:5)
  5 ufetubi
  2 worms (D:5)
  5 dart slugs
  90 orcs
  3 bats
  6 endoplasms
  2 giant cockroaches
  10 hobgoblins
  5 jackals
  2 quokkas (D:4)
  6 ball pythons
  5 frilled lizards
  14 goblins
  A hobgoblin zombie (D:7)
  20 kobolds
  A kobold zombie (D:7)
  2 orc zombies (D:7)
  8 rats
830 creatures vanquished.

Vanquished Creatures (others)
  A small abomination (Abyss:4)
  A kobold brigand (D:12)
  2 gnolls (D:8)
  2 starspawn tentacles (Abyss:4)
6 creatures vanquished.

Grand Total: 836 creatures vanquished

Notes
Turn   | Place    | Note
-------+----------+-------------------------------------------
     0 | D:1      | frimble the Octopode Warper began the quest for the Orb.
     0 | D:1      | Reached XP level 1. HP: 14/14 MP: 3/3
    87 | D:1      | Reached XP level 2. HP: 19/19 MP: 5/5
   761 | D:1      | Reached XP level 3. HP: 19/24 MP: 6/6
  1218 | D:2      | Reached skill level 1 in Stealth
  1389 | D:2      | Reached XP level 4. HP: 9/30 MP: 7/7
  1562 | D:2      | Found a faded altar of an unknown god.
  1678 | D:3      | Found a runed translucent door.
  1743 | D:3      | Learned a level 2 spell: Blink
  1781 | D:3      | Noticed bande's ghost (weakling GrFi)
  1941 | D:3      | Reached XP level 5. HP: 27/35 MP: 8/8
  2075 | D:3      | Noticed Grinder
  2522 | D:4      | Found a white marble altar of Elyvilon.
  2528 | D:4      | Found a staircase to the Ecumenical Temple.
  2547 | Temple   | Entered the Ecumenical Temple
  2798 | D:4      | Reached skill level 3 in Fighting
  2828 | D:4      | Reached XP level 6. HP: 24/36 MP: 9/9
  3096 | D:4      | Found Haymon's Dragon-Slaying Spoils.
  3212 | D:4      | Found a burning altar of Makhleb.
  3213 | D:4      | Noticed Natasha
  3223 | D:4      | Killed Natasha
  3229 | D:4      | Found an ancient bone altar of Kikubaaqudgha.
  3350 | D:4      | Noticed Natasha
  3357 | D:4      | Killed Natasha
  3649 | D:4      | Reached XP level 7. HP: 41/47 MP: 10/10
  3878 | D:5      | Entered Level 5 of the Dungeon
  3899 | D:5      | Reached skill level 4 in Fighting
  3916 | D:5      | Reached skill level 5 in Stealth
  4090 | D:5      | Reached skill level 5 in Translocations
  4090 | D:5      | Reached XP level 8. HP: 27/54 MP: 11/11
  4241 | D:5      | Reached skill level 5 in Short Blades
  4281 | D:5      | Found a glowing drain.
  4295 | Sewer    | Entered a sewer
  4326 | Sewer    | Reached skill level 5 in Fighting
  5074 | D:5      | Found a glowing silver altar of Zin.
  5301 | D:6      | Reached skill level 6 in Fighting
  5309 | D:6      | Learned a level 2 spell: Passwall
  5456 | D:6      | Reached skill level 1 in Transmutations
  5456 | D:6      | Reached skill level 1 in Earth Magic
  5538 | D:6      | Reached XP level 9. HP: 57/63 MP: 12/12
  6089 | D:7      | Found a bloodstained altar of Trog.
  6161 | D:7      | Found a stormy altar of Qazlal.
  6520 | D:7      | Found an ornate altar of the Wu Jian Council.
  6801 | D:6      | Noticed Eustachio
  6808 | D:6      | Killed Eustachio
  6878 | D:6      | Reached skill level 1 in Evocations
  6963 | D:6      | Reached skill level 7 in Fighting
  7412 | D:3      | Paralysed by Grinder for 4 turns
  7420 | D:3      | Killed Grinder
  7607 | D:3      | Killed bande's ghost
  8203 | D:8      | Found an iron altar of Okawaru.
  8402 | D:8      | Reached XP level 10. HP: 62/71 MP: 13/13
  8561 | D:8      | Learned a level 5 spell: Lee's Rapid Deconstruction
  8735 | D:8      | Found the +0 toga "Victory" {*Victory Clar}
  9511 | D:9      | Found a snail-covered altar of Cheibriados.
  9532 | D:9      | Became a worshipper of Cheibriados the Contemplative
  9701 | D:9      | Identified the +6 trident "Yczeruq" {vamp, +Blink Stlth+}
  9882 | D:9      | Found the +3 pair of seven-league boots {Rampage+∞}
  9890 | D:9      | Reached * piety under Cheibriados
  9891 | D:9      | Reached skill level 8 in Fighting
 10333 | D:9      | Reached skill level 5 in Earth Magic
 10450 | D:10     | Entered Level 10 of the Dungeon
 10527 | D:10     | Reached skill level 5 in Evocations
 10804 | D:10     | Reached skill level 1 in Invocations
 10818 | D:10     | Reached XP level 11. HP: 16/77 MP: 14/14
 10818 | D:10     | Reached ** piety under Cheibriados
 11363 | D:10     | Found a sacrificial altar of Ru.
 11663 | D:11     | Noticed a cyclops
 11865 | D:11     | Noticed an ogre mage
 11867 | D:11     | Found Osoduf's Jewellery Boutique.
 11867 | D:11     | Noticed a two-headed ogre
 11948 | D:11     | Found a staircase to the Lair.
 12006 | D:11     | Found an ancient bone altar of Kikubaaqudgha.
 12196 | D:11     | Found Qeuclask's Weapon Boutique.
 12197 | D:11     | Found Jove's Weapon Boutique.
 12201 | D:11     | Found Rafoir's Book Boutique.
 12221 | D:11     | Killed a cyclops
 12263 | D:11     | Killed a two-headed ogre
 12676 | D:12     | Found a transporter.
 12824 | D:11     | Reached skill level 5 in Invocations
 13140 | Lair:1   | Entered Level 1 of the Lair of Beasts
 13193 | Lair:1   | Reached skill level 10 in Short Blades
 13680 | Lair:1   | Found a snail-covered altar of Cheibriados.
 13747 | Lair:1   | Reached skill level 1 in Shields
 14038 | Lair:1   | Noticed an oklob plant
 14374 | Lair:2   | Reached *** piety under Cheibriados
 14391 | Lair:2   | Reached XP level 12. HP: 47/82 MP: 15/15
 14400 | Lair:2   | Noticed a boulder beetle
 14404 | Lair:2   | Reached skill level 5 in Shields
 14657 | Lair:2   | Learned a level 4 spell: Passage of Golubria
 14679 | Lair:2   | Noticed a skyshark
 14808 | Lair:3   | Noticed a boulder beetle
 14958 | Lair:4   | Found a viscous altar of Jiyva.
 15028 | Lair:4   | Reached skill level 5 in Dodging
 15100 | Lair:4   | Reached **** piety under Cheibriados
 15979 | Lair:3   | You fall into a shaft and drop 1 floor!
 16687 | Lair:5   | Entered Level 5 of the Lair of Beasts
 16692 | Lair:5   | Noticed a skyshark
 16702 | Lair:5   | Killed a skyshark
 16726 | Lair:5   | Noticed a five-headed hydra
 16749 | Lair:5   | Killed a five-headed hydra
 16750 | Lair:5   | Reached XP level 13. HP: 9/88 MP: 0/18
 17186 | Lair:5   | HP: 2/88 [cane toad (23)]
 17460 | Lair:3   | Found a staircase to the Snake Pit.
 18168 | Lair:2   | Identified the +8 great mace "Ninge" {spect, Int+3}
 18619 | Lair:2   | Identified the +1 leather armour of Gluttony {-Tele Rampage
                  | rCorr Str+5 Int+3}
 19131 | D:12     | Noticed pokeman's ghost (journeyman DEHW)
 19159 | D:12     | Found a transporter.
 19189 | D:11     | Bought a book of the Earth for 900 gold pieces
 19196 | D:11     | Learned a level 6 spell: Statue Form
 19296 | Lair:4   | Identified the +1 ring mail of Snakes and Ladders {Int+3}
 19413 | Lair:5   | Reached skill level 5 in Spellcasting
 19421 | Lair:5   | Reached ***** piety under Cheibriados
 19625 | Lair:5   | Gained mutation: You are frail. (-10% HP) [mutagenic glow]
 19639 | Lair:5   | Gained mutation: You occasionally shout uncontrollably at
                  | your foes. [mutagenic glow]
 19665 | Lair:5   | Reached skill level 5 in Transmutations
 20202 | Lair:5   | Reached skill level 10 in Earth Magic
 20271 | Lair:5   | Reached XP level 14. HP: 68/84 MP: 14/23
 21347 | Lair:5   | Identified the staff of air "Teumiedo" {rElec Str-5 Int+9}
 21376 | Lair:5   | Found a corrupted altar of Lugonu.
 21377 | Lair:5   | Found a one-way gate to the infinite horrors of the Abyss.
 21560 | Lair:5   | Got the Spellbook of the Barrage
 21663 | Lair:5   | Noticed a shadow dragon
 22309 | D:12     | Found a transporter.
 22492 | D:12     | Found a bloodstained altar of Trog.
 22938 | D:12     | Noticed Psyche
 22944 | D:12     | Killed Psyche
 23395 | D:12     | Found a staircase to the Orcish Mines.
 23495 | D:12     | Found a transporter.
 23548 | Orc:1    | Entered Level 1 of the Orcish Mines
 23998 | Orc:2    | Entered Level 2 of the Orcish Mines
 24352 | D:12     | Learned a level 4 spell: Olgreb's Toxic Radiance
 24385 | D:12     | Noticed a broodmother
 24545 | D:13     | Reached skill level 1 in Poison Magic
 24989 | D:13     | Reached skill level 1 in Long Blades
 25154 | D:13     | Found a runed translucent door.
 25154 | D:13     | Noticed Zedil's ghost (journeyman VSBr)
 25545 | D:14     | Reached skill level 5 in Poison Magic
 25548 | D:14     | Reached XP level 15. HP: 76/89 MP: 18/25
 25868 | D:14     | Reached skill level 5 in Long Blades
 26585 | D:14     | Found a gate to the Vaults.
 26936 | D:15     | Entered Level 15 of the Dungeon
 27442 | Orc:1    | Reached skill level 9 in Fighting
 27766 | Orc:2    | Found Xotudd's General Store.
 27766 | Orc:2    | Found Ezaludwa's Antique Weapon Shoppe.
 27767 | Orc:2    | Found Noenn's Book Emporium.
 27767 | Orc:2    | Found Ezem's General Store.
 28063 | Orc:2    | Gained mutation: You are weak. (Str -2) [a neqoxec]
 28065 | Orc:2    | Gained mutation: You are agile. (Dex +4, Str/Int -1) [a
                  | neqoxec]
 28069 | Orc:2    | Gained mutation: Your body sometimes deteriorates upon
                  | taking damage. [a neqoxec]
 28069 | Orc:2    | Gained mutation: You sometimes lose your temper in combat.
                  | [a neqoxec]
 28190 | Orc:2    | Lost mutation: You sometimes lose your temper in combat.
                  | [potion of mutation]
 28190 | Orc:2    | Lost mutation: You are agile. (Dex +4, Str/Int -1) [potion
                  | of mutation]
 28190 | Orc:2    | Lost mutation: You are weak. (Str -2) [potion of mutation]
 28190 | Orc:2    | Gained mutation: You have a pair of small antennae on your
                  | head. [potion of mutation]
 28190 | Orc:2    | Gained mutation: Your spells are a little harder to cast,
                  | but a little more powerful. [potion of mutation]
 28191 | Orc:2    | Lost mutation: Your body sometimes deteriorates upon taking
                  | damage. [potion of mutation]
 28191 | Orc:2    | Lost mutation: You occasionally shout uncontrollably at
                  | your foes. [potion of mutation]
 28191 | Orc:2    | Gained mutation: You are agile. (Dex +4, Str/Int -1)
                  | [potion of mutation]
 28408 | Orc:2    | Found a staircase to the Elven Halls.
 28505 | Orc:1    | Reached ****** piety under Cheibriados
 28684 | Elf:1    | Entered Level 1 of the Elven Halls
 28746 | Elf:1    | Reached skill level 10 in Fighting
 28746 | Elf:1    | Reached XP level 16. HP: 84/98 MP: 20/26
 28903 | D:13     | Killed Zedil's ghost
 29156 | D:15     | Found a staircase to the Depths.
 29236 | D:15     | Noticed Louise
 29249 | D:15     | Killed Louise
 29364 | D:15     | Found a bloodstained altar of Trog.
 29875 | D:11     | Bought the ring of Nuferif {Wiz rF+ Dex+2} for 530 gold
                  | pieces
 29875 | D:11     | Bought a +4 ring of slaying for 858 gold pieces
 29958 | Lair:3   | Reached skill level 10 in Dodging
 30245 | Lair:3   | Found a staircase to the Shoals.
 30504 | Lair:5   | Noticed a sphinx
 30510 | Lair:5   | Killed a sphinx
 30625 | Snake:1  | Entered Level 1 of the Snake Pit
 30697 | Snake:1  | Noticed Aizul
 30711 | Snake:1  | Killed Aizul
 30866 | Snake:1  | Reached skill level 11 in Fighting
 31086 | Snake:1  | Identified the +6 falchion "Lyok Lann" {freeze, Str+3}
 32041 | Snake:3  | Noticed a nagaraja
 32045 | Snake:3  | Killed a nagaraja
 32046 | Snake:3  | Reached skill level 10 in Long Blades
 32052 | Snake:3  | Reached XP level 17. HP: 106/106 MP: 23/28
 32883 | Snake:2  | Identified Roxanne's Secrets of Lithomancy
 32883 | Snake:2  | Noticed Roxanne
 33005 | Snake:2  | Reached skill level 12 in Fighting
 33007 | Abyss:3  | Cast into level 3 of the Abyss (salamander mystic)
 33090 | Abyss:4  | Noticed a tentacled starspawn
 33093 | Abyss:4  | Noticed a Hell Sentinel
 33102 | Abyss:4  | Noticed a bone dragon
 33125 | Abyss:4  | Noticed a tentacled starspawn
 33133 | Abyss:4  | Killed a tentacled starspawn
 33182 | Abyss:4  | Paralysed by a great orb of eyes for 4 turns
 33183 | Abyss:4  | HP: 1/107 [great orb of eyes (14)]
 33184 | Abyss:4  | Mangled by a great orb of eyes

Illustrated notes

Levels and vault maps discovered:
D:1:      dpeg_arrival_rooms_with_view, layout_basic, skrybe_limestone_x,
          chequers_serial_rivers_small_3, minmay_misc_feat_more_columns,
          minmay_pentomino_q2
D:2:      layout_basic, hellmonk_ecumenical_altar_inner_sanctum,
          roderic_three_in_a_row
D:3:      layout_rooms, hellmonk_ghost_happy_afterlife, uniq_grinder
D:4:      layout_cave_pools, mainiacjoe_overflow_catwalk,
          mainiacjoe_overflow_large_starburst, temple_pool_b,
          nicolae_shop_dragon_depot, minmay_stone_trees_medium, st_stairs_9,
          uniq_natasha
D:5:      layout_loops_ring, zin_treasury, serial_undead, serial_undead_e,
          serial_undead_d, serial_undead_f, serial_undead_e,
          cheibrodos_sewer_entry_sluice, due_unseen_surprise
D:6:      layout_loops_ring, kennysheep_flooded_box, uniq_eustachio
D:7:      layout_loops_cross, nzn_wu_jian_contemplation, grunt_qazlal_clouds,
          mainiacjoe_overflow_alcove_1, minmay_mini_ossuary
D:8:      layout_loops_cross, kennysheep_mini
D:9:      layout_basic, mainiacjoe_overflow_brackets
D:10:     layout_rooms, nicolae_ru_great_annihilating_truth
D:11:     layout_loops_ring, david_lair_generic, hangedman_abyss_or_decor_stabs,
          minmay_variable_closet, minmay_shop_grid_forest,
          kiku_gazebo_garden_becter
D:12:     gammafunk_the_bubble [the_bubble_gammafunk_crates],
          layout_irregular_city, erik_orc_2, gammafunk_ghost_wrathful_warriors,
          uniq_psyche
D:13:     layout_roguey, gammafunk_ghost_grave
D:14:     layout_roguey, grunt_vaults_entry_fortified,
          chequers_serial_rivers_marsh, nicolae_wwwww, minmay_sticks_and_stones
D:15:     grunt_enter_depths_hoard, layout_loops_ring, lemuel_crystal_altar,
          uniq_louise
Temple:   hc_temple_tempest_star
Lair:1:   layout_regular_city, basic_altar, minmay_lair_oklob_bushes,
          minivault_25
Lair:2:   layout_layer_cave, hangedman_lair_unloving_vines,
          nicolae_lair_run_with_the_wolves, serial_bayou_shore_b
Lair:3:   layout_gridlike, minmay_shoals_entry_hut, nicolae_snake_entry_squirm
Lair:4:   layout_regular_city, minmay_slime_entry_oklob_enclosed,
          grunt_megastairs_5
Lair:5:   hellmonk_lair_end_abyssal_woods, layout_regular_city
Snake:1:  layout_basic, uniq_aizul
Snake:2:  layout_concentric_octagons, evilmike_ambush
          [evilmike_ambush_outer_basic, evilmike_ambush_inner_basic],
          uniq_roxanne
Snake:3:  layout_basic, grunt_megastairs_2
Orc:1:    layout_caves, basic_altar, nicolae_orc_sculptors_studio
Orc:2:    st_orc_ogre_mass, layout_caves, bh_open_orc_temple
Elf:1:    layout_gridlike, ebering_ghost_disaster_area,
          minmay_elf_crystal_hexagon
Abyss:4:  base: Lair:5, spicy_pingpong_abyss_rune, minivault_25

Skill      XL: |  1  2  3  4  5  6  7  8  9 10 11 12 13 14 15 16 17 |
---------------+----------------------------------------------------+-----
Stealth        | 1 2 3 4 5 8 9 |  9.6
Dodging        | 3 4 6 7 9 10 | 10.5
Short Blades   | 3 4 6 7 8 10 11 | 11.4
Fighting       | 3 4 6 7 8 10 11 12 | 12.0
Translocations | 4 5 |  5.0
Transmutations | 1 3 4 5 9 |  9.9
Earth Magic    | 1 3 6 7 8 10 11 | 11.5
Evocations     | 3 5 |  5.3
Invocations    | 2 5 6 7 8 |  8.7
Shields        | 4 6 7 |  7.6
Spellcasting   | 3 6 7 8 |  8.2
Poison Magic   | 5 7 |  7.2
Long Blades    | 3 7 10 | 10.4
Throwing       | |  1.2

Action                     |  1- 3 |  4- 6 |  7- 9 | 10-12 | 13-15 | 16-18 || total
---------------------------+-------+-------+-------+-------+-------+-------++-------
  Melee: Short sword       |    85 |    75 |       |       |       |       ||   160
         Constrict         |    23 |    24 |    64 |    79 |   108 |    32 ||   330
         Tentacles         |    21 |    27 |    84 |   209 |   418 |   108 ||   867
         Dagger            |       |    57 |   351 |   686 |   403 |       ||  1497
         Punch             |       |     1 |     8 |    11 |    23 |     7 ||    50
         Rapier            |       |       |       |       |   702 |       ||   702
         Scimitar          |       |       |       |       |       |   347 ||   347
  Throw: Boomerang         |       |    24 |    14 |    31 |     2 |       ||    71
   Cast: Blink             |       |     1 |     4 |     7 |    26 |     6 ||    44
         Lee's Rapid Decon |       |       |       |    18 |    10 |       ||    28
         Passwall          |       |       |       |     3 |     3 |     1 ||     7
         Passage of Golubr |       |       |       |     3 |       |       ||     3
         Statue Form       |       |       |       |       |    67 |    46 ||   113
         Olgreb's Toxic Ra |       |       |       |       |    22 |     1 ||    23
 Invoke: Slouch            |       |       |       |     1 |    13 |     1 ||    15
         Step From Time    |       |       |       |       |     1 |       ||     1
  Evoke: Wand              |       |       |    11 |    18 |    16 |     2 ||    47
         Condenser vane    |       |       |       |       |     3 |     1 ||     4
    Use: Scroll            |     5 |     4 |     7 |    16 |     8 |     1 ||    41
         Potion            |       |     1 |       |     3 |     9 |       ||    13
   Stab: Sleeping          |     6 |     5 |    13 |    10 |     6 |    10 ||    50
         Paralysed         |       |       |       |     4 |       |       ||     4
         Invisible         |       |       |       |     2 |     8 |       ||    10
         Distracted        |       |       |       |       |     2 |     2 ||     4
         Petrifying        |       |       |       |       |     1 |       ||     1
         Petrified         |       |       |       |       |     1 |       ||     1
 Armour: Skin              |     5 |    43 |     9 |    20 |   439 |   118 ||   634
  Dodge: Dodged            |    54 |    77 |   128 |   257 |   919 |   574 ||  2009
  Block: Other             |       |    32 |    45 |    79 |       |       ||   156
         Reflection        |       |     1 |       |     1 |    25 |    52 ||    79
         Buckler           |       |       |       |    46 |   804 |   425 ||  1275

Table legend: (Time is in decaauts)
 A = Elapsed time spent in this place.
 B = Non-inter-level travel time spent in this place.
 C = Inter-level travel time spent in this place.
 D = Time resting spent in this place.
 E = Time spent auto-exploring this place.
 F = Levels seen in this place.
 G = Mean time per level.
                   A        B        C        D        E       F      G
               +--------+--------+--------+--------+--------+-----+--------+
         Total |  43863 |  40174 |   3689 |   1394 |  31355 |  30 | 1462.1 |
       Dungeon |  23040 |  20741 |   2299 |    580 |  16610 |  15 | 1536.0 |
        Temple |    200 |    186 |     14 |      0 |    178 |   1 |  200.0 |
          Lair |  12806 |  11899 |    907 |    814 |   9137 |   5 | 2561.2 |
     Snake Pit |   4214 |   4025 |    189 |      0 |   3119 |   3 | 1404.7 |
  Orcish Mines |   2991 |   2778 |    213 |      0 |   2068 |   2 | 1495.5 |
   Elven Halls |    177 |    112 |     65 |      0 |     64 |   1 |  177.0 |
         Abyss |    332 |    332 |      0 |      0 |    127 |   2 |  166.0 |
         Sewer |     99 |     99 |      0 |      0 |     50 |   1 |   99.0 |
               +--------+--------+--------+--------+--------+-----+--------+

Top non-repeatable levels by time:
  Lair:5: 3817 daAuts
  Lair:4: 3208 daAuts
    D:12: 2737 daAuts
    D:14: 2576 daAuts
 Snake:1: 2311 daAuts
  Lair:3: 2062 daAuts
  Lair:2: 1961 daAuts
    D:15: 1937 daAuts
    D:13: 1860 daAuts
    D:11: 1821 daAuts
  Lair:1: 1756 daAuts
     D:5: 1599 daAuts
 Snake:2: 1587 daAuts
     D:8: 1581 daAuts
   Orc:2: 1551 daAuts
